 Dungeon Crawl Stone Soup version 0.25-a0-578-gc91f01c39c (webtiles) character file.

Game seed: 470497372577446810, levelgen mode: deterministic

38 Esekla the Ducker (level 3, 0/17 HPs)
             Began as a Spriggan Artificer on Mar 6, 2020.
             Slain by an adder (3 damage)
             ... on level 2 of the Dungeon.
             The game lasted 00:04:19 (505 turns).

Esekla the Ducker (Spriggan Artificer)               Turns: 505, Time: 00:04:20

Health: 0/17       AC:  2    Str:  8    XL:     3   Next: 25%
Magic:  7/7        EV: 19    Int: 12    God:
Gold:   82         SH:  0    Dex: 17    Spells: 2/2 levels left

rFire    . . .     SeeInvis +   a - +0 short sword
rCold    . . .     Gourm    .   (shield restricted)
rNeg     . . .     Faith    .   b - +0 robe
rPois    .         Spirit   .   (helmet restricted)
rElec    .         Reflect  .   (no cloak)
rCorr    .         Harm     .   (gloves unavailable)
MR       .....                  (boots unavailable)
Stlth    ++........             (no amulet)
HPRegen  0.05/turn              (no ring)
MPRegen  0.10/turn              (no ring)

@: very quick
A: very small, unfitting armour, see invisible, herbivore, speed 3, slow
metabolism 2
a: no special abilities


You were on level 2 of the Dungeon.
You were not hungry.

You visited 1 branch of the dungeon, and saw 2 of its levels.

You collected 82 gold pieces.

Inventory:

Hand Weapons
 a - a +0 short sword (weapon)
 k - a +1 hunting sling of freezing
Missiles
 i - 7 poisoned darts (quivered)
 l - a sling bullet
Armour
 b - a +0 robe (worn)
Wands
 c - a wand of flame (15)
 d - a wand of enslavement (15)
 e - a wand of random effects (15)
Scrolls
 g - 2 scrolls of teleportation {unknown}
 h - a scroll of identify {unknown}
Potions
 j - a potion of curing {unknown}
Comestibles
 f - a ration


   Skills:
 - Level 0.7 Fighting
 * Level 2.5 Short Blades
 + Level 0.4 Slings
 * Level 4.1 Dodging
 + Level 2.0 Stealth
 - Level 4.0 Evocations


You had 2 spell levels left.
You didn't know any spells.
Your spell library was empty.

Dungeon Overview and Level Annotations

Branches:
Dungeon (2/15)

Altars:


Innate Abilities, Weirdness & Mutations

You are very small and have problems with some larger weapons.
You are too small for most types of armour.
You have supernaturally acute eyesight. (SInv)
You are a herbivore.
You cover ground extremely quickly.
You need to consume almost no food.


Message History

Press: ? - help, Shift-Dir - straight line, f - adder
Aim: an adder You shoot a sling bullet.
The sling bullet barely misses the adder.
Firing (i - inventory. (/) - cycle)
l - 2 sling bullets (quivered)
Press: ? - help, Shift-Dir - straight line, f/p - adder
Aim: an adder You shoot a sling bullet.
The sling bullet closely misses the adder.
The adder barely misses you.
Your +1 hunting sling of freezing stops glowing.
a - a +0 short sword (weapon)
The adder bites you but does no damage.
You barely miss the adder. The adder closely misses you.
You miss the adder. The adder misses you.
You closely miss the adder. The adder bites you.
You hit the adder but do no damage. The adder bites you.
* * * LOW HITPOINT WARNING * * *
The adder bites you.
You die...

.%. ###.#....#K.
#.##........#.. ...
#....#..#####.# ....
###.(##.## #.# #
#<..####..##..# #.# .#
#........(###(####.###..
(....##...()............ .
.#((.)S...##...##.#.##. ..g
#..#.@##.###.....).#
.....#.....##.###..##.#.###
................#..##......
.......##..........##.#.###
..........#................
###.##.##........#......###
# #. #...............#
.....#.#.#.........#
.....................


You could see an adder.

Vanquished Creatures
  2 gnolls (D:2)
  A leopard gecko (D:1)
  2 bats (D:1)
  A goblin (D:2)
  A hobgoblin (D:2)
  5 jackals
  2 kobolds (D:2)
  A frilled lizard (D:1)
  A rat (D:2)
16 creatures vanquished.

Notes
Turn   | Place    | Note
-------+----------+-------------------------------------------
     0 | D:1      | Esekla the Spriggan Artificer began the quest for the Orb.
     0 | D:1      | Reached XP level 1. HP: 9/9 MP: 4/4
   264 | D:1      | Reached XP level 2. HP: 14/14 MP: 6/6
   472 | D:2      | Reached XP level 3. HP: 8/17 MP: 7/7
   505 | D:2      | Slain by an adder

Levels and vault maps discovered:
D:1:      dpeg_arrival_erosion, layout_loops_cross,
          wander_ebering_terrifying_dragon_lair
D:2:      minmay_inner_zag, layout_basic, uniq_jessica, uniq_crazy_yiuf_cottage

Skill      XL: |  1  2  3 |
---------------+----------+-----
Short Blades   | 2 |  2.5
Dodging        | 4 |  4.1
Stealth        | 2 |  2.0
Fighting       | |  0.7
Slings         | |  0.4
Evocations     | |  4.0

Action                   || total
-------------------------++-------
Melee: Short sword       ||    52
 Fire: Hunting sling     ||    10
 Stab: Sleeping          ||     2
Armor: Robe              ||     4
Dodge: Dodged            ||    50

Table legend:
 A = Non-vault XP
 B = Vault XP
 C = Vault XP percentage of total XP
 D = Non-vault monster count
 E = Vault monster count
 F = Vault count percentage of total count
                 A         B        C        D         E       F
            +---------+---------+-------+---------+---------+-------
      Total |      52 |       3 |   5.5 |      15 |       1 |   6.2
            +---------+---------+-------+---------+---------+-------
        D:1 |      10 |       3 |  23.1 |       6 |       1 |  14.3
        D:2 |      42 |       0 |   0.0 |       9 |       0 |   0.0
            +---------+---------+-------+---------+---------+-------
